[Event "Titled Tuesday Blitz February 14 Late 2023"]
[White "Gatterer, Florian"]
[Black "Pulpan, Jakub"]
[WhiteFideId "811688"]
[BlackFideId "302759"]
[WhiteElo "2170"]
[BlackElo "2427"]
[Result "0-1"]
[Round "01"]
[TimeControl "180+2"]
[Date "2023.02.14"]
[WhiteClock "0:00:09"]
[BlackClock "0:00:10"]

1. e4 c5 2. Nf3 d5 3. exd5 Nf6 4. Bb5+ Nbd7 5. c4 a6 6. Ba4 b5 7. cxb5 Nb6 8. O-O Nxa4 9. Qxa4 Bd7 10. Re1 Bxb5 11. Qc2 Qxd5 12. Nc3 Qd3 13. Qxd3 Bxd3 14. Ne5 Rd8 15. b3 e6 16. Ba3 Bf5 17. Rad1 Bd6 18. Nc4 Be7 19. Ne5 Rc8 20. Rc1 Nd7 21. Nxd7 Kxd7 22. Ne4 Bxe4 23. Rxe4 Rhd8 24. Kf1 Ke8 25. Ke2 Rd5 26. Rc2 h5 27. f4 Kd7 28. Ra4 Rc6 29. Rac4 g5 30. g3 h4 31. b4 hxg3 32. hxg3 gxf4 33. gxf4 Rh5 34. bxc5 Rh2+ 35. Kf3 Rh3+ 36. Ke4 Rxa3 37. Rd4+ Kc7 38. Rdc4 Bf8 39. f5 exf5+ 40. Kxf5 Rf3+ 41. Ke4 Rh3 42. d4 Rh4+ 43. Kd3 Rg6 44. Kc3 a5 45. Kb3 Rh3+ 46. Ka4 Kc6 47. Rb2 Rgg3 48. Rb3 Rxb3 49. axb3 f5 50. b4 axb4 51. Rxb4 Kd5 52. Rb6 Bxc5 53. dxc5 Rc3 54. Kb4 Rc4+ 55. Kb3 Rxc5 56. Rf6 Ke4 57. Re6+ Kf3 58. Kb4 Rc8 59. Rf6 f4 60. Re6 Kg3 61. Rf6 Kf2 62. Rg6 f3 63. Rf6 Ke2 64. Re6+ Kf1 65. Rf6 f2 66. Rf8 Rxf8 0-1


[Site "https://www.chess.com"]

[Event "Titled Tuesday Blitz February 14 Late 2023"]
[White "Perske, Thore"]
[Black "Figorito, Nick"]
[WhiteFideId "12902195"]
[BlackFideId "30923689"]
[WhiteElo "2448"]
[BlackElo "2036"]
[Result "1-0"]
[Round "01"]
[TimeControl "180+2"]
[Date "2023.02.14"]
[WhiteClock "0:00:31"]
[BlackClock "0:00:22"]

1. e4 e6 2. d4 d5 3. Nd2 Nf6 4. e5 Nfd7 5. c3 c5 6. f4 Nc6 7. Ndf3 Qb6 8. a3 a5 9. b3 a4 10. b4 c4 11. h4 h5 12. Nh3 Be7 13. Be2 g6 14. Nhg5 Nf8 15. Qd2 Nh7 16. Bd1 Nxg5 17. hxg5 Bd7 18. Kf2 Qa7 19. Bc2 b5 20. g4 O-O-O 21. gxh5 Rxh5 22. Rxh5 gxh5 23. Qe2 Rh8 24. Be3 Qc7 25. Rh1 Qd8 26. Ne1 h4 27. Qg4 Qg8 28. Rxh4 Rxh4 29. Qxh4 Qg7 30. Nf3 Bd8 31. Qh5 Ne7 32. Nh4 Be8 33. Qh6 Qg8 34. f5 Kd7 35. f6 Ng6 36. Nxg6 fxg6 37. Qg7+ Bf7 38. Qxg8 Bxg8 39. Bxg6 1-0


[Site "https://www.chess.com"]

[Event "Titled Tuesday Blitz February 14 Late 2023"]
[White "Sarkar, Justin"]
[Black "Goltsev, Dmitry"]
[WhiteFideId "2010011"]
[BlackFideId "24176710"]
[WhiteElo "2309"]
[BlackElo "2269"]
[Result "0-1"]
[Round "01"]
[TimeControl "180+2"]
[Date "2023.02.14"]
[WhiteClock "0:00:01"]
[BlackClock "0:02:05"]

1. e4 e6 2. b3 d5 3. exd5 exd5 4. Bb2 Nf6 5. Qe2+ Be6 6. Nh3 Be7 7. Nf4 Qd6 8. Nxe6 fxe6 9. Nc3 O-O 10. O-O-O a6 11. g3 Nbd7 12. h4 e5 13. Bh3 d4 14. Ne4 Nxe4 15. Qxe4 Nc5 16. Qg2 e4 17. Kb1 Bf6 18. Rhe1 a5 19. Ba3 d3 20. c3 a4 21. Bxc5 Qxc5 22. b4 Qb6 23. Qxe4 Qxf2 24. Qxd3 Rfd8 25. Qe3 Qxe3 26. Rxe3 Rd6 27. d4 Rad8 28. Rde1 Kf7 29. Be6+ Kg6 30. a3 b6 31. Bc4 c5 32. Bd3+ Kf7 33. Bxh7 cxd4 34. cxd4 Rxd4 35. h5 g5 36. hxg6+ Kg7 37. g4 Rd2 38. R3e2 R2d3 0-1


[Site "https://www.chess.com"]

[Event "Titled Tuesday Blitz February 14 Late 2023"]
[White "Nasuta, Grzegorz"]
[Black "Delorme, Axel"]
[WhiteFideId "1141686"]
[BlackFideId "632023"]
[WhiteElo "2552"]
[BlackElo "2483"]
[Result "1-0"]
[Round "01"]
[TimeControl "180+2"]
[Date "2023.02.14"]
[WhiteClock "0:01:26"]
[BlackClock "0:01:02"]

1. e4 c5 2. Nf3 d6 3. Bb5+ Nd7 4. a4 Nf6 5. Nc3 a6 6. Be2 b6 7. d4 cxd4 8. Qxd4 Bb7 9. O-O e6 10. Rd1 Qc7 11. Nd2 Ne5 12. Nc4 Nxc4 13. Bxc4 Be7 14. Be3 Rc8 15. Be2 O-O 16. Qxb6 Qxb6 17. Bxb6 Nxe4 18. Nxe4 Bxe4 19. Bxa6 Rxc2 20. b4 Rb8 21. a5 d5 22. Rab1 g5 23. h3 Rc6 24. Bd3 Bxd3 25. Rxd3 f5 26. b5 Rcxb6 27. axb6 Rxb6 28. Rc3 Kf7 29. Rc6 Rxc6 30. bxc6 Ke8 31. Rb8+ Kf7 32. c7 1-0


[Site "https://www.chess.com"]

[Event "Titled Tuesday Blitz February 14 Late 2023"]
[White "Meunier-Pion, Jean"]
[Black "Oro, Faustino"]
[WhiteFideId "20685327"]
[BlackFideId "20000197"]
[WhiteElo "2215"]
[BlackElo "2269"]
[Result "1-0"]
[Round "01"]
[TimeControl "180+2"]
[Date "2023.02.14"]
[WhiteClock "0:00:08"]
[BlackClock "0:00:20"]

1. e4 c5 2. Nf3 d6 3. d4 cxd4 4. Nxd4 Nf6 5. Nc3 a6 6. h3 e5 7. Nde2 h5 8. g3 Be7 9. Bg2 O-O 10. a4 Be6 11. Be3 Nbd7 12. O-O Qc7 13. Qd2 Rac8 14. Rac1 Nb6 15. b3 Rfd8 16. Nd5 Nbxd5 17. exd5 Bf5 18. c4 Ne4 19. Qd1 Nc5 20. f4 Bh7 21. f5 Bf6 22. Nc3 Qe7 23. b4 Nd7 24. Ne4 g6 25. g4 hxg4 26. hxg4 Bg7 27. f6 Qf8 28. fxg7 Kxg7 29. Qd2 Kg8 30. Bh6 Qe7 31. Bg5 Qf8 32. Bh6 Qe7 33. Bg5 Qf8 34. Bxd8 Rxd8 35. Qf2 f5 36. gxf5 gxf5 37. Ng5 Qf6 38. Ne6 Re8 39. Bf3 Kh8 40. Qh2 e4 41. Be2 Ne5 42. Kh1 Nd3 43. Bxd3 exd3 44. Rf4 Rg8 45. Rg1 Re8 46. Rgf1 Qe5 47. Rxf5 Qxh2+ 48. Kxh2 Bxf5 49. Rxf5 d2 50. Rf1 Rg8 51. Rd1 Rg4 52. Rxd2 Rxc4 53. Rb2 Kg8 54. Kg3 Kf7 55. Kf3 Kf6 56. Ke3 Ke5 57. Kd3 Rh4 58. Nc7 Rh3+ 59. Kc4 Rh1 60. Re2+ Kf6 61. b5 Kf7 62. Kb4 Rb1+ 63. Ka5 Ra1 64. Re4 Rc1 65. Kb6 axb5 66. axb5 Rc2 67. Kxb7 Kf6 68. Re6+ Kf5 69. Rxd6 Rb2 70. Re6 Rd2 71. Kc6 Rc2+ 72. Kd6 Rb2 73. Kc5 Rc2+ 74. Kd6 Rb2 75. Re5+ Kf4 76. Re1 Rb3 77. Rf1+ Ke3 78. Rh1 Kf2 79. Rh2+ Kf3 80. Rh3+ Kg4 81. Rxb3 1-0


[Site "https://www.chess.com"]

[Event "Titled Tuesday Blitz February 14 Late 2023"]
[White "Stoyanov, Tsvetan"]
[Black "Miszler, Levente"]
[WhiteFideId "2917173"]
[BlackFideId "763276"]
[WhiteElo "2454"]
[BlackElo "2271"]
[Result "1-0"]
[Round "01"]
[TimeControl "180+2"]
[Date "2023.02.14"]
[WhiteClock "0:00:05"]
[BlackClock "0:00:02"]

1. b3 c5 2. Bb2 Nc6 3. e4 e5 4. Bb5 d6 5. Nf3 g6 6. O-O Bg7 7. c3 Ne7 8. d4 exd4 9. cxd4 O-O 10. Na3 d5 11. exd5 Nxd5 12. Bxc6 bxc6 13. Qc1 Bg4 14. Ne5 Bxe5 15. dxe5 Qe7 16. Re1 Rfe8 17. Nc4 Be6 18. Nd6 Red8 19. Qxc5 Qg5 20. Ne4 Qf5 21. Ng3 Qg5 22. Rad1 Nf4 23. Bc1 Qh4 24. Qxc6 Bd5 25. Qf6 Nxg2 26. Bg5 Qh3 27. Rxd5 Rxd5 28. Rc1 1-0


[Site "https://www.chess.com"]

[Event "Titled Tuesday Blitz February 14 Late 2023"]
[White "Aguilar, Juan"]
[Black "Msellek, Ilyass"]
[WhiteFideId "3800091"]
[BlackFideId "675938"]
[WhiteElo "2254"]
[BlackElo "2420"]
[Result "0-1"]
[Round "01"]
[TimeControl "180+2"]
[Date "2023.02.14"]
[WhiteClock "0:00:03"]
[BlackClock "0:01:25"]

1. g3 d5 2. Bg2 c6 3. d3 Nf6 4. Nf3 g6 5. O-O Bg7 6. Nbd2 O-O 7. e4 dxe4 8. dxe4 Na6 9. Qe2 Nc5 10. Rd1 Qa5 11. c3 Qa6 12. Qe3 b6 13. Bf1 Qb7 14. a4 a5 15. h3 Rd8 16. Be2 Qc7 17. e5 Nd5 18. Qg5 h6 19. Qh4 g5 20. Qh5 Bf5 21. Nc4 Bg6 22. Qg4 Ne6 23. Nd4 Nc5 24. Nf5 Bf8 25. h4 h5 26. Qxg5 Ne6 27. Nh6+ Kh7 28. Qd2 Ndf4 29. Qe1 Nxe2+ 30. Qxe2 Rxd1+ 0-1


[Site "https://www.chess.com"]

[Event "Titled Tuesday Blitz February 14 Late 2023"]
[White "Darini, Pouria"]
[Black "Carrasco Miranda, Andres"]
[WhiteFideId "12502200"]
[BlackFideId "3405990"]
[WhiteElo "2401"]
[BlackElo "2240"]
[Result "1-0"]
[Round "01"]
[TimeControl "180+2"]
[Date "2023.02.14"]
[WhiteClock "0:00:19"]
[BlackClock "0:00:02"]

1. e4 c5 2. Nf3 d6 3. d4 cxd4 4. Nxd4 Nf6 5. Nc3 a6 6. h3 e5 7. Nde2 h5 8. Bg5 Be7 9. Bxf6 Bxf6 10. Nd5 b5 11. a4 b4 12. Nxb4 Bb7 13. Nc3 O-O 14. Qxh5 Qa5 15. Nba2 Nc6 16. Bd3 g6 17. Qd1 Nd4 18. O-O Kg7 19. Nc1 d5 20. Nxd5 Bxd5 21. exd5 Qxd5 22. c3 Ne6 23. Re1 Rad8 24. Qc2 Nf4 25. Be4 Qd7 26. Ne2 Bg5 27. Nxf4 Bxf4 28. Rad1 Qa7 29. Rxd8 Rxd8 30. Rd1 Re8 31. Qb3 Re7 32. Qd5 f5 33. Bc2 e4 34. Qd4+ Qxd4 35. Rxd4 Rb7 36. b4 Be5 37. Rc4 Rd7 38. Rc5 Bf6 39. g4 Rd2 40. gxf5 Rxc2 41. fxg6 Rxc3 42. Ra5 Bd4 43. Rd5 1-0


[Site "https://www.chess.com"]

[Event "Titled Tuesday Blitz February 14 Late 2023"]
[White "Melikhov, Evgeny V."]
[Black "Costachi, Mihnea"]
[WhiteFideId "4122046"]
[BlackFideId "1217518"]
[WhiteElo "2269"]
[BlackElo "2476"]
[Result "0-1"]
[Round "01"]
[TimeControl "180+2"]
[Date "2023.02.14"]
[WhiteClock "0:00:01"]
[BlackClock "0:00:20"]

1. d4 d5 2. c4 dxc4 3. Nf3 Nf6 4. e3 Bg4 5. Bxc4 e6 6. h3 Bh5 7. Nc3 Nc6 8. g4 Bg6 9. Bf1 Nb4 10. Qa4+ c6 11. Ne5 Nc2+ 12. Kd1 Nxa1 13. Nxg6 hxg6 14. Bg2 Qb6 15. Bd2 Qxb2 16. Bxc6+ Kd8 17. Bf3 Rc8 18. Qa5+ Qb6 19. Qxb6+ axb6 20. Bxb7 Rb8 21. Bg2 Bb4 22. Nb5 Ba5 23. Ke2 Nc2 24. Rc1 Nb4 25. Nd6 Ke7 0-1


[Site "https://www.chess.com"]

[Event "Titled Tuesday Blitz February 14 Late 2023"]
[White "Salimova, Nurgyul"]
[Black "Fernandez, Maria Florencia"]
[WhiteFideId "2915138"]
[BlackFideId "116459"]
[WhiteElo "2391"]
[BlackElo "2129"]
[Result "1-0"]
[Round "01"]
[TimeControl "180+2"]
[Date "2023.02.14"]
[WhiteClock "0:00:30"]
[BlackClock "0:00:03"]

1. e4 c5 2. Nf3 d6 3. d4 cxd4 4. Nxd4 Nf6 5. Nc3 g6 6. Be3 Bg7 7. f3 O-O 8. Qd2 Nc6 9. O-O-O d5 10. Nxc6 bxc6 11. Bh6 Bxh6 12. Qxh6 e5 13. h4 Be6 14. h5 d4 15. f4 Qc7 16. hxg6 fxg6 17. f5 dxc3 18. fxe6 cxb2+ 19. Kb1 Qe7 20. Bc4 Rad8 21. Rdf1 Rd4 22. Bb3 Rxe4 23. Rxf6 Rxf6 24. Qxh7+ Qxh7 25. e7+ Kg7 26. Rxh7+ Kxh7 27. e8=Q Rf1+ 28. Kxb2 Ree1 29. g4 Kh6 30. Qe7 e4 31. Qh4+ Kg7 32. g5 e3 33. Qh6# 1-0


[Site "https://www.chess.com"]

[Event "Titled Tuesday Blitz February 14 Late 2023"]
[White "Todev, Simeon"]
[Black "Golubka, Petro"]
[WhiteFideId "2925133"]
[BlackFideId "14114224"]
[WhiteElo "2033"]
[BlackElo "2371"]
[Result "0-1"]
[Round "01"]
[TimeControl "180+2"]
[Date "2023.02.14"]
[WhiteClock "0:00:10"]
[BlackClock "0:00:52"]

1. e4 c5 2. Nf3 Nc6 3. c3 e5 4. d4 cxd4 5. cxd4 exd4 6. Nxd4 Nf6 7. Nc3 Bb4 8. f3 d5 9. Bb5 O-O 10. Nxc6 bxc6 11. Bxc6 Rb8 12. Be3 Qa5 13. Bd4 dxe4 14. Bxe4 Rd8 15. Qd2 Nxe4 16. fxe4 Bg4 17. Qf2 Rbc8 18. a3 Bf8 19. Rc1 Qa6 20. h3 Be6 21. Be3 Bb3 22. Qe2 Bc4 23. Qf2 Rd7 24. Nd5 Re8 25. Qf4 Bxd5 26. exd5 Rxd5 27. Kf2 Qg6 28. g4 h5 29. Rhd1 Rde5 30. Rc3 hxg4 31. hxg4 Re4 32. Qh2 Qf6+ 33. Ke2 Qa6+ 34. Kf2 Rxe3 35. Rxe3 Bc5 36. Rh1 Bxe3+ 37. Kf3 Qc6+ 38. Ke2 Bf4+ 0-1


[Site "https://www.chess.com"]

[Event "Titled Tuesday Blitz February 14 Late 2023"]
[White "Gallo Garcia, Kemel Antonio"]
[Black "Semenenko, Dmytry"]
[WhiteFideId "3523896"]
[BlackFideId "14118645"]
[WhiteElo "2350"]
[BlackElo "2113"]
[Result "1-0"]
[Round "01"]
[TimeControl "180+2"]
[Date "2023.02.14"]
[WhiteClock "0:00:08"]
[BlackClock "0:00:13"]

1. e4 Nf6 2. e5 Nd5 3. d4 d6 4. Nf3 Bg4 5. Bc4 dxe5 6. dxe5 e6 7. h3 Bxf3 8. Qxf3 Nc6 9. Bb5 Nb4 10. Na3 a6 11. Bxc6+ Nxc6 12. Bf4 Nd4 13. Qd3 Bb4+ 14. c3 Qd5 15. O-O Bxa3 16. cxd4 Bxb2 17. Rad1 O-O-O 18. Be3 Qb5 19. Qc2 Ba3 20. Rb1 Qd5 21. Rb3 Be7 22. Rfb1 b5 23. Rc3 Rd7 24. Rc1 c5 25. dxc5 Qxe5 26. c6 Rc7 27. a4 b4 28. Qd3 Qa5 29. Rc4 Rd8 30. Qxh7 b3 31. Bf4 b2 32. Rb1 e5 33. Be3 Qd5 34. Qc2 Qd3 35. Qxd3 Rxd3 36. Rxb2 Rd1+ 37. Kh2 Bd6 38. g3 f5 39. Rb6 f4 40. gxf4 exf4 41. Bxf4 Bxf4+ 42. Rxf4 Rd8 43. Rxa6 Kb8 44. Rb4+ Kc8 45. Ra8# 1-0


[Site "https://www.chess.com"]

[Event "Titled Tuesday Blitz February 14 Late 2023"]
[White "Haszon, David"]
[Black "Bjelobrk, Igor"]
[WhiteFideId "733610"]
[BlackFideId "4300726"]
[WhiteElo "2264"]
[BlackElo "2403"]
[Result "1-0"]
[Round "01"]
[TimeControl "180+2"]
[Date "2023.02.14"]
[WhiteClock "0:01:41"]
[BlackClock "0:00:24"]

1. d4 d5 2. Bf4 Nf6 3. e3 e6 4. Nf3 Bd6 5. Bg3 O-O 6. Bd3 c5 7. c3 Qc7 8. Nbd2 Nbd7 9. e4 e5 10. dxe5 Nxe5 11. Nxe5 Bxe5 12. exd5 Bxg3 13. hxg3 Re8+ 14. Kf1 Qe5 15. Nf3 Qxd5 16. Bxh7+ Kf8 17. Bd3 Be6 18. c4 Qd6 19. Qb3 Qc7 20. Re1 g6 21. Qc3 Kg7 22. Ng5 Bd7 23. Rh7+ 1-0


[Site "https://www.chess.com"]

[Event "Titled Tuesday Blitz February 14 Late 2023"]
[White "Cardoso Cardoso, Jose Gabriel"]
[Black "Freile Martin, Javier"]
[WhiteFideId "4430492"]
[BlackFideId "3600165"]
[WhiteElo "2492"]
[BlackElo "2329"]
[Result "1-0"]
[Round "01"]
[TimeControl "180+2"]
[Date "2023.02.14"]
[WhiteClock "0:00:44"]
[BlackClock "0:00:04"]

1. c4 Nf6 2. Nc3 g6 3. g3 Bg7 4. Bg2 O-O 5. d3 d6 6. e4 e5 7. Nge2 Nbd7 8. h3 a6 9. Be3 b5 10. b3 c6 11. Qd2 Re8 12. O-O Bb7 13. Rad1 b4 14. Nb1 a5 15. f4 exf4 16. Nxf4 Qe7 17. Rde1 Qf8 18. Kh2 c5 19. a4 Ne5 20. Qd1 Re7 21. Qe2 Rae8 22. Nd2 Nfd7 23. Rf2 f5 24. Ref1 Rf7 25. exf5 Bxg2 26. fxg6 Bxf1 27. gxf7+ Qxf7 28. Qxf1 Qe7 29. Nd5 Qd8 30. Ne4 Ng6 31. Bg5 Qc8 32. Nxd6 Qc6 33. Nxe8 Nde5 34. Nxg7 Kxg7 35. Bf6+ Kh6 36. Qc1+ Kh5 37. Qg5# 1-0


[Site "https://www.chess.com"]

[Event "Titled Tuesday Blitz February 14 Late 2023"]
[White "Rorrer, Grayson"]
[Black "Vaglio Mattey, Emanuel"]
[WhiteFideId "30944996"]
[BlackFideId "6504167"]
[WhiteElo "2263"]
[BlackElo "2155"]
[Result "0-1"]
[Round "01"]
[TimeControl "180+2"]
[Date "2023.02.14"]
[WhiteClock "0:00:12"]
[BlackClock "0:00:35"]

1. e4 c6 2. d4 d5 3. exd5 cxd5 4. Bd3 Nf6 5. h3 g6 6. Nf3 Bg7 7. O-O O-O 8. Bf4 Nc6 9. c3 Bf5 10. Ne5 Bxd3 11. Nxd3 Ne4 12. Nd2 Nd6 13. Re1 e6 14. Qf3 Rc8 15. g3 b6 16. Kg2 Nc4 17. h4 Nxd2 18. Bxd2 Na5 19. h5 Nc4 20. Bf4 g5 21. h6 Bxh6 22. Qh5 Qf6 23. Be5 Qg6 24. Rh1 Qxd3 25. Qxh6 Nxe5 26. dxe5 Qe4+ 27. f3 Qc2+ 28. Kg1 Qg6 29. Rd1 Qxh6 30. Rxh6 Kg7 31. Rh5 h6 32. Rd2 Kg6 33. Rdh2 Rh8 34. Kf2 d4 35. cxd4 Rc2+ 36. Ke3 Rxh2 37. Rxh2 Rc8 38. Kd2 Rc4 39. Kd3 Rc1 40. g4 Rf1 41. Ke2 Ra1 42. a3 Rb1 43. Ke3 Re1+ 44. Kd3 Rb1 45. Rf2 Rd1+ 46. Kc4 a6 47. a4 Rc1+ 48. Kd3 Rd1+ 49. Kc3 Rc1+ 50. Kd2 Rc4 51. Kd3 Rxa4 52. b3 Ra1 53. Rc2 Rf1 54. Ke2 Rb1 55. Rc3 b5 56. Kd3 a5 57. Kc2 Rf1 58. Rc5 Rf2+ 59. Kb1 b4 60. Rxa5 Rxf3 61. Kc2 Rf2+ 62. Kd3 Rf4 63. Rb5 Rxg4 64. Rxb4 h5 65. Rb8 Kg7 66. b4 h4 67. b5 h3 68. Ra8 Rg1 69. Ra2 Rg2 70. Ra1 Rb2 71. Rg1 Kh6 72. Rh1 g4 73. Ke3 Kg5 74. Kd3 Rxb5 75. Ke3 Rb3+ 0-1


[Site "https://www.chess.com"]

[Event "Titled Tuesday Blitz February 14 Late 2023"]
[White "Gomes, Luiz Alexandre de Souza"]
[Black "Gutenev, Alexander"]
[WhiteFideId "2102790"]
[BlackFideId "4195540"]
[WhiteElo "2254"]
[BlackElo "2455"]
[Result "0-1"]
[Round "01"]
[TimeControl "180+2"]
[Date "2023.02.14"]
[WhiteClock "0:00:55"]
[BlackClock "0:01:13"]

1. e4 c5 2. Nf3 Nc6 3. d4 cxd4 4. Nxd4 Nf6 5. Nc3 d6 6. Be2 e5 7. Nb3 Be7 8. O-O a5 9. a4 O-O 10. f4 Be6 11. Kh1 Nb4 12. Be3 Rc8 13. Rc1 d5 14. exd5 Nfxd5 15. Nxd5 Bxd5 16. c3 Nc6 17. fxe5 Nxe5 18. Nd4 Nc4 19. Bxc4 Bxc4 20. Re1 Qd7 21. Qf3 Bf6 22. b3 Bd5 23. Qg3 Rfe8 24. Rcd1 Rxc3 25. Qf2 h5 26. Nb5 Rxb3 27. Bb6 Rxe1+ 28. Rxe1 Qg4 29. Bxa5 Rb2 30. Bd2 Bh4 31. Re8+ Kh7 32. Qf1 Bxg2+ 33. Qxg2 Rb1+ 34. Be1 Bxe1 35. Qc2+ g6 36. Qxb1 Qf3+ 37. Kg1 Qf2+ 38. Kh1 Qf1# 0-1


[Site "https://www.chess.com"]

[Event "Titled Tuesday Blitz February 14 Late 2023"]
[White "Jarmula, Lukasz"]
[Black "Kaganskiy, Gleb"]
[WhiteFideId "1160664"]
[BlackFideId "4132025"]
[WhiteElo "2439"]
[BlackElo "2205"]
[Result "1-0"]
[Round "01"]
[TimeControl "180+2"]
[Date "2023.02.14"]
[WhiteClock "0:00:19"]
[BlackClock "0:00:03"]

1. b3 b6 2. Bb2 Bb7 3. Nf3 Nf6 4. g3 Bxf3 5. exf3 d5 6. f4 e6 7. Qe2 Be7 8. Bh3 g6 9. d3 O-O 10. Nd2 c6 11. Nf3 Nbd7 12. O-O-O a5 13. Ng5 Nc5 14. f3 h6 15. d4 Ncd7 16. Nxf7 Kxf7 17. Qxe6+ Kg7 18. Rhe1 Rf7 19. Qxc6 Rc8 20. Qb5 Qc7 21. c3 Qc6 22. Qxc6 Rxc6 23. Be6 Bd6 24. Bxf7 Kxf7 25. Re2 b5 26. Kb1 b4 27. cxb4 axb4 28. Rde1 h5 29. Re6 Nf8 30. R6e2 N8d7 31. Rc2 Rxc2 32. Kxc2 Ne8 33. Kd3 Nc7 34. Rc1 Nb5 35. Rc6 Ke7 36. Bc1 Nc7 37. f5 gxf5 38. Bg5+ Ke6 39. Bf4 Nb5 40. Ra6 Ke7 41. Bg5+ Ke6 42. Bd2 Ke7 43. Ra5 Na3 44. Rxd5 Ke6 45. Ra5 Nb6 46. Ra6 Nd5 47. h3 Nb1 48. g4 Nxd2 49. gxf5+ Kxf5 50. Rxd6 1-0


[Site "https://www.chess.com"]

[Event "Titled Tuesday Blitz February 14 Late 2023"]
[White "Prieto Aranguren, Alain"]
[Black "EREBUNI91"]
[WhiteFideId "2268906"]
[WhiteElo "2258"]
[BlackElo "2724"]
[Result "0-1"]
[Round "01"]
[TimeControl "180+2"]
[Date "2023.02.14"]
[WhiteClock "0:01:03"]
[BlackClock "0:01:31"]

1. e4 c5 2. Nh3 d6 3. Nf4 Nc6 4. Nc3 Nf6 5. Nfd5 Nxd5 6. Nxd5 e6 7. Ne3 Be7 8. Bb5 Bd7 9. O-O O-O 10. Re1 a6 11. Bf1 b5 12. c3 Bf6 13. Ng4 Be7 14. d4 cxd4 15. cxd4 e5 16. d5 Nd4 17. Ne3 Rc8 18. Bd2 g6 19. Bc3 Qb6 20. a4 f5 21. axb5 axb5 22. exf5 Nxf5 23. Nxf5 Rxf5 24. Re2 Bf8 25. g3 b4 26. Bd2 Bb5 27. Re4 Qxf2+ 0-1


[Site "https://www.chess.com"]

[Event "Titled Tuesday Blitz February 14 Late 2023"]
[White "Korchmar, Vasiliy"]
[Black "Kielinkei"]
[WhiteFideId "24131750"]
[WhiteElo "2438"]
[BlackElo "2399"]
[Result "0-1"]
[Round "01"]
[TimeControl "180+2"]
[Date "2023.02.14"]
[WhiteClock "0:00:02"]
[BlackClock "0:01:06"]

1. e4 c5 2. Nf3 e6 3. g3 d5 4. exd5 exd5 5. d4 Nf6 6. Bg2 Be7 7. O-O O-O 8. dxc5 Bxc5 9. a3 a5 10. Nc3 h6 11. Nb5 Nc6 12. Nbd4 Bg4 13. h3 Bh5 14. Be3 Ne4 15. g4 Bg6 16. Nxc6 bxc6 17. Bxc5 Nxc5 18. Ne5 Qd6 19. Nxg6 Qxg6 20. f4 Qd6 21. Qd4 Rfe8 22. Rae1 Rxe1 23. Rxe1 Ne6 24. Qe5 Qxe5 25. fxe5 Rb8 26. b3 Nd4 27. c4 Rxb3 28. cxd5 cxd5 29. Bxd5 Rxh3 30. Rf1 Ne6 31. a4 Rg3+ 32. Kh2 Rxg4 33. Bc6 Rc4 34. Be8 Ng5 35. Kg3 Re4 36. Rb1 Rxe5 37. Bc6 Rc5 38. Bd7 Rc3+ 39. Kf4 Rc4+ 40. Kg3 Ne4+ 41. Kf3 Nc5 42. Kg3 Nxd7 43. Rd1 Nf6 0-1


[Site "https://www.chess.com"]

[Event "Titled Tuesday Blitz February 14 Late 2023"]
[White "Arnold, Ken"]
[Black "Jaracz, Pawel"]
[WhiteFideId "2056836"]
[BlackFideId "1102222"]
[WhiteElo "2355"]
[BlackElo "2467"]
[Result "0-1"]
[Round "01"]
[TimeControl "180+2"]
[Date "2023.02.14"]
[WhiteClock "0:00:45"]
[BlackClock "0:01:55"]

1. d4 Nf6 2. c4 c5 3. d5 b5 4. cxb5 a6 5. bxa6 g6 6. Nc3 Bxa6 7. e3 Bxf1 8. Kxf1 Bg7 9. Nge2 O-O 10. Qc2 d6 11. h4 Nbd7 12. g3 Qb6 13. Nf4 h5 14. Kg2 Rfb8 15. Rd1 Ng4 16. a3 Qb3 17. Qxb3 Rxb3 18. Nfe2 Nb6 19. Ra2 Nc4 20. Bd2 Rxb2 21. Rxb2 Nxb2 22. Rb1 Nc4 23. Bc1 Nge5 24. a4 Nd3 0-1


[Site "https://www.chess.com"]

[Event "Titled Tuesday Blitz February 14 Late 2023"]
[White "Martinez Ramirez, Lennis"]
[Black "Hoffmann, Asa"]
[WhiteFideId "3509079"]
[BlackFideId "2001470"]
[WhiteElo "2426"]
[BlackElo "2185"]
[Result "1-0"]
[Round "01"]
[TimeControl "180+2"]
[Date "2023.02.14"]
[WhiteClock "0:02:05"]
[BlackClock "0:00:29"]

1. Nf3 d6 2. c4 e5 3. g3 c6 4. Bg2 Nf6 5. O-O Be7 6. Nc3 h6 7. b4 Bf5 8. d3 O-O 9. e4 Be6 10. Rb1 Qd7 11. b5 Bh3 12. Nh4 Bxg2 13. Kxg2 Ne8 14. Nf5 Bg5 15. Bxg5 hxg5 16. Qh5 f6 17. bxc6 bxc6 18. h4 Qf7 19. Qg4 Nd7 20. Rb7 Rd8 21. hxg5 fxg5 22. Qxg5 Qf6 23. Qg4 Rf7 24. Rh1 1-0


[Site "https://www.chess.com"]

[Event "Titled Tuesday Blitz February 14 Late 2023"]
[White "Jimenez Garcia, Emmanuel"]
[Black "Papasimakopoulos, Alexandros"]
[WhiteFideId "6504779"]
[BlackFideId "4244125"]
[WhiteElo "2410"]
[BlackElo "2401"]
[Result "1-0"]
[Round "01"]
[TimeControl "180+2"]
[Date "2023.02.14"]
[WhiteClock "0:00:02"]
[BlackClock "0:00:06"]

1. Nf3 f5 2. g3 Nf6 3. Bg2 g6 4. O-O Bg7 5. b3 O-O 6. Bb2 a5 7. c4 a4 8. b4 d6 9. d4 Ne4 10. Nfd2 Nxd2 11. Qxd2 Nc6 12. b5 Na5 13. Na3 e5 14. dxe5 dxe5 15. Qc2 Be6 16. Rad1 Qe7 17. Bd5 e4 18. Bxg7 Kxg7 19. Bxe6 Qxe6 20. Qc3+ Qf6 21. Qb4 b6 22. Nc2 Rad8 23. c5 Qe7 24. Qc3+ Kh6 25. cxb6 cxb6 26. Qe3+ Qg5 27. Qxb6 Nc4 28. Qc5 Nd2 29. h4 Qg4 30. Rxd2 Rxd2 31. Qe3+ f4 32. Qxd2 e3 33. Qd6 exf2+ 34. Rxf2 Qxg3+ 35. Kf1 Rc8 36. Ne1 Qh3+ 37. Rg2 Qxh4 38. b6 Rc1 39. Qd2 Rb1 40. a3 Rxb6 41. Qc2 Rf6 42. Nf3 Qh1+ 43. Rg1 Qh3+ 44. Kf2 g5 45. Qc3 Re6 46. Rxg5 Rg6 47. Rxg6+ hxg6 48. Qf6 Qg3+ 49. Kf1 Kh7 50. Qf7+ Kh6 51. Qf8+ Kh7 52. Qf6 Kh6 53. Qh8# 1-0


[Site "https://www.chess.com"]

[Event "Titled Tuesday Blitz February 14 Late 2023"]
[White "Sokolovsky, Yahli"]
[Black "Kalajzic, Ivan"]
[WhiteFideId "2820242"]
[BlackFideId "14506378"]
[WhiteElo "2461"]
[BlackElo "2062"]
[Result "1/2-1/2"]
[Round "01"]
[TimeControl "180+2"]
[Date "2023.02.14"]
[WhiteClock "0:00:04"]
[BlackClock "0:00:09"]

1. b3 e5 2. Bb2 Nc6 3. e3 Nf6 4. Nf3 d6 5. d4 Bg4 6. dxe5 dxe5 7. Qxd8+ Rxd8 8. Nbd2 Bb4 9. c3 Ba5 10. Bb5 Bxf3 11. Nxf3 Ne4 12. Nxe5 Nxc3 13. Bxc6+ bxc6 14. Nxc6 Nd1+ 15. Nxa5 Nxb2 16. Ke2 Nd3 17. Rad1 Nb4 18. a3 Nd5 19. Rd3 Ne7 20. Rhd1 Rxd3 21. Rxd3 h5 22. Nb7 Nc6 23. Rc3 Rh6 24. b4 Kd7 25. Nc5+ Kc8 26. b5 Ne5 27. Na6 c6 28. f4 Ng4 29. h3 Nf6 30. Rxc6+ Kb7 31. Nc5+ Kb8 32. a4 Nd5 33. Rxh6 gxh6 34. Nd7+ Kc7 35. Ne5 Nc3+ 36. Kd3 Nxa4 37. Nxf7 Kb6 38. f5 Kxb5 39. f6 Nc5+ 40. Kd4 Nd7 41. Nd6+ Kc6 42. Ne4 a5 43. Kc4 a4 44. Kc3 Kd5 45. Ng3 h4 46. Nf5 Ke5 47. Nxh4 Nxf6 48. Nf3+ Ke4 49. Nd4 Kxe3 50. Nf5+ Kf2 51. g4 Kg2 52. h4 Nxg4 53. h5 Nf6 54. Nxh6 Nxh5 55. Kb4 Ng3 56. Ka3 Ne4 57. Nf5 Kf3 58. Nd4+ Ke3 59. Nc2+ Kd2 60. Nb4 Nc3 61. Nc6 Nb5+ 62. Kxa4 1/2-1/2


[Site "https://www.chess.com"]